← All builds
Tech / Armada / Economy first / OBSERVED BUILD

Standard tech

Armada Tech (Eco) build order · Supreme Isthmus

Rushes T2 by 4:15, gets Advanced Metal Extractor around 5:28, hands off T2 constructors to Geo and the team, then scales eco and supplies the team's T2 needs through the rest of the game.

Usually first T2 con to Geo (83%)

#eco #t2 #team support · 1579 distinct matches · 255 players · 58% of Armada Tech games · team won 53% of 1874 · Recently observed

HOW TO PLAY IT

Key timing: T2 factory by 4:15

  1. Open 3 mex and heavy wind to fund a fast T2 rush.
  2. Put down Bot Lab, planning to eat it for reclaim soon after.
  3. Get Advanced Bot Lab up, hitting the T2 factory rush timing.
  4. Upgrade mex to Advanced Metal Extractor to lock in team metal income.
  5. Eat Advanced Bot Lab and keep sending cons to Geo and Pond.

Phase by phase

TYPICAL OF ITS 1579 GAMES
  1. 1
  2. 2
  3. 3
  4. 4
PLAY THE OPENING

Follow the example game's first 6:00 step by step: what to build now, what comes next, and where it goes. At 1× it keeps pace with your own game.

  1. 1

    Up to the Bot Lab

    Economy
    • Metal Extractor3Mex
    • Wind Turbine4Wind
    Order
    1. Bot LabBot Lab after 3 mex, 4 winddone ~1:18, middle half 1:13–1:32

    Some games also: energy storage (31%)

    By 1:01 in all: 3 mex · 4 wind

    The example game in this phase · 3 steps
    1. Mex ×3
    2. Wind ×4
    3. Bot LabBot Labdone 1:20 · typical 1:18
  2. 2

    Bot Lab to Advanced Bot Lab

    Economy
    • Metal Extractor1Mex
    • Wind Turbine8Wind
    • Energy Storage1Energy storage
    Order
    1. Advanced Bot LabAdvanced Bot Lab after 4 mex, 12 wind, 3 con turretdone ~4:16, middle half 4:04–4:30
    Builders
    • Construction Turret3 Con turret
    • Lazarus3 Lazarus
    • Construction Bot2 Con bot
    • Construction Bot1 Con bot for allies

    Some games also: converter (36%)

    By 3:18 in all: 4 mex · 12 wind · 1 energy storage · 3 con turret

    The example game in this phase · 14 steps
    1. Construction BotCon bot
    2. LazarusLazarus
    3. Con turret
    4. Wind ×2
    5. LazarusLazarus
    6. Wind
    7. LazarusLazarus
    8. Mex
    9. Wind ×2
    10. Construction BotCon botfor Air
    11. Wind
    12. Energy storage
    13. Wind
    14. Advanced Bot LabAdvanced Bot Labdone 4:28 · typical 4:16
  3. 3

    Advanced Bot Lab to 5:00

    Economy
    • Wind Turbine3Wind
    Order
    1. Bot LabEat Bot Lab
    Builders
    • Advanced Construction Bot1 T2 con bot for allies

    Some games also: converter (35%)

    By 5:00 in all: 4 mex · 15 wind · 1 converter · 1 energy storage · 3 con turret

    The example game in this phase · 4 steps
    1. Wind ×2
    2. Bot LabEat Bot Labreclaimed for its metal
    3. Advanced Construction BotT2 con botfor Air
    4. Advanced Metal ExtractorT2 mexdone 5:50 · typical 5:29
  4. 4

    5:00 to 10:00

    Economy
    • Wind Turbine43Wind
    • Energy Converter6Converter
    Builders
    • Butler9 Butler
    • Advanced Construction Bot4 T2 con bot for allies
    • Advanced Construction Bot1 T2 con bot

    Some games also: con turret (43%) · Butler for allies (36%)

    By 10:00 in all: 4 mex · 58 wind · 8 converter · 1 energy storage · 3 con turret

    The example game in this phase · 250 steps
    1. Advanced Metal ExtractorT2 mex ×2
    2. ButlerButler ×3
    3. Wind
    4. ButlerButler
    5. Wind ×10
    6. Converter
    7. Wind ×2
    8. ButlerButler
    9. Wind ×3
    10. ButlerButler
    11. Wind ×8
    12. Advanced Construction BotT2 con botfor Geo sea
    13. Wind ×3
    14. Converter
    15. Wind ×5
    16. Advanced Construction BotT2 con botfor Pond
    17. Wind ×3
    18. Advanced Metal ExtractorT2 mex
    19. Wind ×3
    20. Converter
    21. Wind
    22. Advanced Construction BotT2 con botfor Air
    23. Wind ×7
    24. ButlerButler
    25. Wind ×2
    26. Converter
    27. Wind ×3
    28. ButlerButler
    29. Wind ×3
    30. Converter
    31. ButlerButler
    32. Wind ×4
    33. Converter
    34. Wind ×2
    35. Advanced Construction BotT2 con bot
    36. Wind
    37. ButlerButler
    38. Converter
    39. Wind ×4
    40. ButlerButler
    41. Converter
    42. Wind ×3
    43. Converter
    44. Wind ×2
    45. ButlerButler
    46. Converter
    47. Wind ×2
    48. Converter ×2
    49. Wind ×3
    50. Converter
    51. Con turret
    52. Wind ×2
    53. Converter
    54. Wind ×2
    55. Converter
    56. ButlerButler
    57. Wind
    58. Converter
    59. Wind ×2
    60. Converter
    61. Wind
    62. ButlerButler
    63. Converter ×2
    64. Wind ×2
    65. Converter
    66. Wind
    67. Converter
    68. ButlerButler
    69. Wind ×2
    70. Con turret
    71. Converter ×2
    72. Wind ×2
    73. ButlerButler
    74. Converter
    75. Wind
    76. UmbrellaAnti-nukedone 11:45
    77. Wind
    78. Converter
    79. Con turret
    80. Wind ×2
    81. Converter
    82. Wind ×2
    83. Converter
    84. Wind ×2
    85. Converter
    86. Con turret
    87. Wind ×3
    88. Converter
    89. Wind ×3
    90. Converter
    91. Wind ×3
    92. Converter
    93. Wind
    94. Converter
    95. Wind ×5
    96. Converter
    97. Wind ×3
    98. Converter
    99. Wind ×2
    100. Converter
    101. Wind ×3
    102. Advanced Construction BotT2 con bot
    103. Converter
    104. Wind ×3
    105. Converter
    106. Wind ×3
    107. Converter ×2
    108. Wind
    109. Con turret
    110. Wind ×2
    111. Aircraft PlantAircraft Plantdone 12:27
    112. Wind ×2
    113. Converter
    114. Wind
    115. Converter
    116. Wind
    117. Con turret
    118. Wind ×3
    119. Converter ×2
    120. Con turret
    121. Wind ×4
    122. Con turret
    123. Converter
    124. Wind ×2
    125. Converter
    126. Wind
    127. Con turret
    128. Wind ×2
    129. Converter
    130. Wind
    131. Converter
    132. ValiantValiantfor Geo sea
    133. Wind
    134. Con turret
    135. ValiantValiantfor Geo sea
    136. Wind ×3
    137. Converter ×2
    138. Con turret
    139. ValiantValiantfor Geo sea
    140. Wind ×3
    141. ValiantValiantfor Geo sea
    142. Converter
    143. Wind
    144. ValiantValiantfor Geo sea
    145. Con turret
    146. Wind ×2
    147. Converter
    148. TracerTracer
    149. Wind ×3
    150. Converter
    151. ValiantValiantfor Geo sea
    152. Converter
    153. Wind
    154. ValiantValiantfor Geo sea
    155. Wind ×2
    156. ValiantValiantfor Geo sea
    157. Converter
    158. Wind ×3
    159. Converter
    160. ValiantValiantfor Geo sea
    161. Wind
    162. ValiantValiantfor Geo sea
    163. Wind
    164. Converter
    165. Wind ×2
    166. ValiantValiantfor Geo sea
    167. Converter
    168. Wind ×2
    169. ValiantValiant ×2for Geo sea
    170. Wind ×3
    171. Converter ×2
    172. ValiantValiantfor Geo sea
    173. Wind ×2
    174. ValiantValiantfor Geo sea
    175. Wind
    176. ValiantValiantfor Geo sea
    177. Wind ×2
    178. Converter ×2
    179. ValiantValiant ×2for Geo sea
    180. Wind ×3
    181. ValiantValiant ×2for Geo sea
    182. Converter
    183. ValiantValiantfor Geo sea
    184. Wind
    185. Con turret
    186. Wind ×2
    187. ValiantValiantfor Geo sea
    188. Converter
    189. ValiantValiantfor Geo sea
    190. Wind ×3
    191. Converter
    192. ValiantValiant ×2for Geo sea
    193. Wind ×2
    194. Converter
    195. ValiantValiantfor Geo sea
    196. Wind
    197. ValiantValiantfor Air
    198. Wind ×2
    199. Converter
    200. ValiantValiantfor Air
    201. Wind ×3
    202. Converter
    203. Advanced Bot LabEat Advanced Bot Labreclaimed for its metal
    204. Wind
    205. ValiantValiantfor Air
    206. Wind ×2
    207. Converter
    208. ValiantValiantfor Air
    209. Con turret
    210. Wind ×3
    211. Con turret
    212. ValiantValiantfor Air
    213. Wind
    214. Converter
    215. Wind ×2
    216. ValiantValiantfor Air
    217. Con turret
    218. ValiantValiantfor Air
    219. Wind ×2
    220. ValiantValiantfor Air
    221. Wind
    222. ValiantValiantfor Air
    223. Converter
    224. Wind ×2
    225. ValiantValiant ×3for Air
    226. Wind
    227. ValiantValiantfor Air
    228. Advanced Fusion ReactorAdvanced Fusion Reactornot finished by 15:00
    229. Wind
    230. ValiantValiantfor Air
    231. Converter
    232. Wind ×2
    233. ValiantValiant
    234. Wind ×2
    235. Converter
    236. Wind ×3
    237. Converter
    238. Wind ×3
    239. Aircraft PlantEat Aircraft Plantreclaimed for its metal
    240. Wind ×3
    241. Converter
    242. Wind ×3
    243. Converter
    244. Wind
    245. Converter
    246. Wind ×3
    247. Converter
    248. Wind ×2
    249. Converter
    250. Wind

Counts are medians over the build's games: half of them build more, half fewer. The example game is JaplinSeven's (33 OS, 29/09/2026); pick another.

Team trades

IN AT LEAST 30% OF ITS GAMES

You hand over

  • Construction Bot1 Con bot to Airfirst at 2:23 · in 84% of games
  • Advanced Construction Bot5 T2 con bot to Air or Geo sea or Pondfirst at 4:50 · in 99% of games
  • Butler2 Butler to Geo sea or Beach sea or Pondfirst at 9:07 · in 42% of games

You get

  • Hercules1 Light transport from Airfirst at 4:01 · in 86% of games

How it plays out

Typical game of this build, running totals by minute

Metal produced

020k40k
0:005:0010:0015:00

metal

Enemy metal destroyed

050100
0:005:0010:0015:00

metal

Own metal lost

050100150
0:005:0010:0015:00

metal

1874 games.

Show as table
ByMetal produced: This buildEnemy metal destroyed: This buildOwn metal lost: This build
1:0038300
2:0091500
3:00165100
4:00314400
5:00484700
6:00580000
7:00722700
8:00906100
9:001117300
10:001350300
11:001624200
12:001965600
13:002344500
14:0027362073
15:003154285130
WHAT THE NUMBERS SAY

Standard Tech play barely fights at all early, instead pouring metal into T2 infrastructure and constructors for the team.

  • + Metal produced hits 31679 by 15:00, by far the highest of any role here.
  • + T2 factory reached in 97% of games by 4:15, fastest and most reliable T2 timing.
  • − Enemy metal destroyed stays at 0 through 10:00, no early offense at all.
  • − Own metal lost also near 0, showing total avoidance of combat risk.
THE EXAMPLE YOU ARE READING

JaplinSeven

33.3 OS · 29/09/2026

Open source match ↗

2 received units · includes a constructor
1880 metal received · 32343 energy received

Allied construction assistance is unknown. Timings are observations, not a promise of solo reproducibility.

Typical milestones

Bot Lab1:18Middle 50%: 1:13–1:32 · n=1874
Advanced Bot Lab4:16Middle 50%: 4:04–4:30 · n=1867
Advanced Metal Extractor5:29Middle 50%: 5:05–5:59 · n=1870

Played most by

Amrissa93games of this buildTheGeneraI66games of this buildAdeus57games of this buildEl_Turco56games of this buildKOT_43games of this build